Map: Moonlight Madness LE (Void)

Players

HAREN

  • Race: Terran Terran
  • League: Grandmaster

HzVee - Winner!

  • Race: Protoss Protoss

VOD

Have the link to the VOD?

Description

Time

  • Played on: Sept. 28, 2015, 10:42 p.m.
  • Length: 5:41
Show
View Real Time Build Order
Export as new Build Order

HAREN Terran 

Build Orders:  

Get SALT Encoding   

  12  0:01  SCV  
  13  0:16  Supply Depot  
  13  0:19  SCV  
  14  0:31  SCV  
  15  0:42  Barracks  
  15  0:44  Refinery  
  15  0:45  SCV  
  16  0:57  SCV  
  17  1:09  SCV  
  18  1:21  SCV  
  19  1:30  Supply Depot  
  19  1:33  Marine  
  19  1:34  Orbital Command  
  20  1:52  Marine  
  21  1:58  Factory  
  21  2:00  SCV, Refinery  
  22  2:10  Marine  
  22  2:12  SCV  
  24  2:20  Engineering Bay  
  24  2:22  Supply Depot  
  24  2:24  SCV  
  25  2:36  SCV  
  26  2:43  Factory Tech Lab  
  26  2:46  Starport  
  26  2:48  SCV  
  26  2:49  Marine  
  28  3:00  SCV  
  29  3:10  Siege Tank  
  29  3:12  Command Center, Marine  
  33  3:23  Medivac  
  35  3:32  Barracks  
  32  4:16  Marine  
  33  4:29  Orbital Command  
  33  4:40  Starport Tech Lab  
  33  4:49  Barracks Tech Lab  
  33  4:55  Barracks  
  33  5:02  SCV  
  34  5:07  Marine  
  34  5:14  SCV  
Show
View Real Time Build Order
Export as new Build Order

HzVee Protoss - Winner!

Build Orders: Mass Adepts 

Get SALT Encoding   

  12  0:00  Probe (Chrono Boost)  
  13  0:10  Probe (Chrono Boost)  
  14  0:20  Pylon  
  14  0:22  Probe (Chrono Boost)  
  15  0:38  Probe (Chrono Boost)  
  15  0:42  Gateway  
  16  0:55  Probe (Chrono Boost)  
  16  0:56  Gateway  
  17  1:03  Assimilator  
  17  1:05  Probe (Chrono Boost)  
  18  1:15  Probe (Chrono Boost)  
  19  1:25  Probe (Chrono Boost)  
  20  1:33  Cybernetics Core  
  20  1:35  Pylon  
  20  1:41  Zealot  
  22  1:53  Zealot  
  24  2:09  Warp Gate (Chrono Boost)  
  24  2:21  Adept  
  28  2:23  Adept  
  28  2:31  Gateway  
  28  2:34  Assimilator  
  28  2:38  Pylon  
  28  2:48  Probe  
  29  3:00  Probe  
  30  3:11  Pylon  
  30  3:16  Pylon  
  30  3:18  Robotics Facility  
  30  3:26  Adept x3  
  28  4:18  Immortal (Chrono Boost)  
  32  4:29  Adept  
  32  4:30  Adept  
  36  4:35  Adept  
  36  4:37  Nexus  
  38  4:52  Immortal (Chrono Boost)  
  38  4:55  Adept  
  38  4:56  Adept x2  
  48  5:20  Stalker  
  48  5:21  Stalker  
  51  5:22  Stalker  
Tags
 
Add a new tag
Caveats
  • Supply blocks, unpowered buildings, or Contaminate may cause inaccurate times.
  • Supply counts are checked every 10 seconds.